 Dungeon Crawl Stone Soup version 0.20.1-1-g8b1a95d (console) character file.

153 hilaritas the Stinger (level 5, -6/38 HPs)
             Began as a Centaur Venom Mage on Sept 9, 2017.
             Mangled by an ice beast (11 damage)
             ... on level 3 of the Dungeon.
             The game lasted 00:09:22 (3798 turns).

hilaritas the Stinger (Centaur Venom Mage)          Turns: 3798, Time: 00:09:23

Health: -6/38      AC:  8    Str: 16    XL:     5   Next: 12%
Magic:  1/7        EV:  9    Int: 15    God:
Gold:   224        SH:  0    Dex:  9    Spells: 0/7 levels left

rFire    . . .     SeeInvis .   k - +0 hand axe (curse)
rCold    . . .     Gourm    .   (no shield)
rNeg     . . .     Faith    .   a - +0 robe
rPois    .         Spirit   .   u - +2 helmet
rElec    .         Reflect  .   t - +0 cloak
rCorr    .         Harm     .   (no gloves)
MR       .....                  (no barding)
Stlth    +.........             (no amulet)
Regen    0.2/turn               (no ring)
MPRegen  0.1/turn               (no ring)

@: mighty, very slightly contaminated, very quick
A: hooves 3, deformed body, speed 2, tough skin 3
a: no special abilities


You were on level 3 of the Dungeon.
You were near starving.

You visited 1 branch of the dungeon, and saw 3 of its levels.

You collected 224 gold pieces.

Inventory:

Hand Weapons
 k - a cursed +0 hand axe (weapon)
 p - a +0 hand axe of venom
Armour
 a - a +0 robe (worn)
 t - a +0 cloak (worn)
 u - a +2 helmet (worn)
Jewellery
 l - a cursed ring of loudness {unknown}
 q - an uncursed ring of stealth {unknown}
Scrolls
 d - 3 scrolls of enchant armour {unknown}
 e - a scroll of teleportation {unknown}
 n - a scroll of fear {unknown}
 o - 2 scrolls of immolation {unknown}
 r - 2 scrolls of remove curse {unknown}
 s - a scroll of recharging {unknown}
Potions
 f - a potion of haste {unknown}
 h - a potion of might
 i - 2 potions of magic {unknown}
 j - a potion of mutation {unknown}
 m - a potion of heal wounds {unknown}
Books
 b - a Young Poisoner's Handbook

   Spells                             Type                      Level
   a - Sting                          Conjuration/Poison           1
   b - Poisonous Vapours              Poison/Air                   2
   c - Mephitic Cloud                 Conjuration/Poison/Air       3
   d - Olgreb's Toxic Radiance        Poison                       4
   e - Venom Bolt                     Conjuration/Poison           5
Comestibles
 c - 3 bread rations
 g - 3 meat rations


   Skills:
 - Level 1.3 Dodging
 - Level 1.1 Stealth
 - Level 1.5 Spellcasting
 - Level 2.0 Conjurations
 * Level 2.4 Air Magic
 + Level 3.7 Poison Magic


You couldn't memorise any spells.
You knew the following spells:

 Your Spells              Type           Power        Failure   Level  Hunger
a - Sting                 Conj/Pois      #...         7%          1    ##.....
b - Poisonous Vapours     Pois/Air       ##....       10%         2    ###....
c - Olgreb's Toxic Radia  Pois           ##......     45%         4    #####..


Dungeon Overview and Level Annotations

Branches:
Dungeon (3/15)

Altars:
Fedhas
Ru
The Shining One


Innate Abilities, Weirdness & Mutations

You have hooves in place of feet.
Armour fits poorly on your strangely shaped body.
You cover ground very quickly.
You have extremely tough skin. (AC +3)


Message History

The ice beast barely misses you.
You barely miss the ice beast.
The ice beast is moderately wounded.
The ice beast hits you but does no damage.
You hit the ice beast but do no damage.
The ice beast is moderately wounded.
The ice beast hits you. The ice beast freezes you!
* * * LOW HITPOINT WARNING * * *
It was a potion of might.
You feel very mighty all of a sudden.
The ice beast hits you but does no damage.
You hit the ice beast but do no damage.
The ice beast is moderately wounded.
The ice beast closely misses you. The ice beast completely misses you.
You barely miss the ice beast. You kick the ice beast!
The ice beast is almost dead.
The ice beast hits you.
* * * LOW HITPOINT WARNING * * *
The ice beast freezes you!
You die...

#...###### ##.## #
##.## #(##
#...#####...## ##
.............. ..
#...##.#....# .#
##.###.#.#### †# #.#
#.#.# .#
#.###.#.########.#####
#.##....##.....Y.....#
#..........####@..##.#
####....##.# #...#
##.#.##.# #...#
#.#.##.# ..)...
#.#.##.. .....PP
....#### ......PP_P
#.... ....=.P.PP #####
###.....PPP


You could see an ice beast.

Vanquished Creatures
  Terence (D:3)
  Robin (D:3)
  4 adders
  A worm (D:2)
  3 dart slugs
  2 leopard geckos
  5 giant cockroaches
  14 goblins
  A hobgoblin (D:3)
  4 jackals (D:2)
  2 quokkas
  2 ball pythons
  4 bats
  4 frilled lizards
  14 kobolds
  6 rats
68 creatures vanquished.

Notes
Turn   | Place    | Note
-------+----------+-------------------------------------------
     0 | D:1      | hilaritas the Centaur Venom Mage began the quest for the Orb.
     0 | D:1      | Reached XP level 1. HP: 14/14 MP: 3/3
    26 | D:1      | Reached skill level 1 in Conjurations
   308 | D:1      | Reached XP level 2. HP: 20/20 MP: 0/4
   315 | D:1      | Learned a level 2 spell: Poisonous Vapours
  1092 | D:2      | Reached skill level 3 in Poison Magic
  1521 | D:2      | Found a faded altar of an unknown god.
  1523 | D:2      | Reached XP level 3. HP: 26/26 MP: 0/5
  1914 | D:2      | Found a sacrificial altar of Ru.
  1963 | D:2      | Reached skill level 1 in Air Magic
  2565 | D:2      | Reached XP level 4. HP: 33/33 MP: 1/6
  3136 | D:3      | Noticed Robin
  3146 | D:3      | Killed Robin
  3304 | D:3      | Found a glowing golden altar of the Shining One.
  3671 | D:3      | Noticed Terence
  3681 | D:3      | Killed Terence
  3681 | D:3      | Reached XP level 5. HP: 38/38 MP: 0/7
  3692 | D:3      | Learned a level 4 spell: Olgreb's Toxic Radiance
  3771 | D:3      | Noticed an ice beast
  3779 | D:3      | Found a blossoming altar of Fedhas.
  3798 | D:3      | Mangled by an ice beast

Skill      XL: |  1  2  3  4 |
---------------+-------------+-----
Conjurations   | 1 2 |  2.0
Poison Magic   | 3 |  3.7
Air Magic      | 1 2 |  2.4
Dodging        | |  1.3
Stealth        | |  1.1
Spellcasting   | |  1.5

Action                   |  1- 3 |  4- 6 || total
-------------------------+-------+-------++-------
Melee: Unarmed           |    10 |       ||    10
       Kick              |     5 |     6 ||    11
       Dagger            |     1 |       ||     1
       Hand axe          |    23 |    38 ||    61
 Cast: Sting             |    27 |     8 ||    35
       Poisonous Vapours |    32 |    25 ||    57
  Use: Potion            |       |     1 ||     1
  Eat: Chunk             |     7 |     5 ||    12
Armor: Robe              |    18 |    15 ||    33
Dodge: Dodged            |    20 |    15 ||    35
